AoeStats
← ☆寒星霞芒☆

Arena

508000305Analyzed
4v4 RM · 13d ago on Sep 20, 2026· 37m 1s· 8 players
Game mode
Random Map
Map size
Large (8 player)
Population
200
Speed
Normal
Resources
Standard
Victory
Conquest
Starting age
Dark Age
Ending age
Imperial Age
RankedLock teamsTeams togetherTeam positionsShared explorationLock speedFull tech treeHidden civsTurbo modeCheats
Victory
Defeat
🇨🇳 Vietnamese · China
1326
+14
🇨🇳 Chinese · China
1321
+14
🇨🇳 Jurchens · China
1281
+16
1419
-20
🇨🇳 Britons · China
1307
-15
🇦🇷 Khmer · Argentina
1217
-12
🇨🇳 Chinese · China
1159
-10
蔡鳥
9:17 Feudal Age
9:50 Double-Bit Axe
9:55 Gold Mining
14:20 Fletching
20:13 Castle Age
20:22 Crossbowman
20:59 Bodkin Arrow
21:05 Padded Archer Armor
24:38 Gold Shaft Mining
24:24 Loom
27:22 Bow Saw
27:45 Leather Archer Armor
28:01 Ballistics
30:34 Horse Collar
32:35 Fortified Wall
37:25 Imperial Age
CYJ8564
2:12 Loom
11:42 Feudal Age
15:48 Castle Age
14:21 Double-Bit Axe
15:25 Horse Collar
18:37 Bow Saw
27:39 Heavy Plow
28:24 Wheelbarrow
29:10 Gold Mining
35:40 Imperial Age
33:49 Gold Shaft Mining
33:05 Stone Mining
34:19 Padded Archer Armor
34:09 Fletching
34:44 Ballistics
34:27 Tusk Swords
35:35 Bodkin Arrow
35:55 Leather Archer Armor
36:08 Hand Cart
38:04 Chemistry
哭稀饭(2125613428)
11:07 Feudal Age
11:42 Double-Bit Axe
15:48 Castle Age
13:46 Horse Collar
17:03 Wheelbarrow
16:53 Bow Saw
17:07 Heavy Plow
19:57 Hand Cart
25:52 Chemistry
28:09 Imperial Age
25:39 Loom
26:38 Forging
26:29 Scale Mail Armor
26:20 Fletching
27:41 Coinage
27:40 Pikeman
28:21 Squires
28:12 Elite Skirmisher
30:00 Chemistry
29:00 Bodkin Arrow
29:06 Padded Archer Armor
29:30 Ballistics
28:39 Halberdier
30:03 Bracer
30:40 Leather Archer Armor
31:20 Siege Engineers
32:28 Fortified Wall
32:10 Houfnice
33:57 Banking
36:23 Masonry
36:32 Wagenburg Tactics
大清第一巴图鲁
0:35 Loom
12:25 Feudal Age
16:02 Castle Age
14:36 Double-Bit Axe
16:22 Stone Mining
17:13 Gold Mining
20:46 Bow Saw
23:12 Horse Collar
26:04 Heavy Plow
26:53 Wheelbarrow
30:26 Imperial Age
29:31 Gold Shaft Mining
29:43 Fletching
29:55 Padded Archer Armor
30:15 Town Watch
30:46 Hand Cart
32:20 Stone Shaft Mining
33:35 Ballistics
34:15 Chemistry
35:15 Bodkin Arrow
35:36 Leather Archer Armor
36:09 Conscription
☆寒星霞芒☆
11:05 Feudal Age
12:15 Double-Bit Axe
14:44 Castle Age
13:08 Horse Collar
16:20 Bow Saw
21:38 Heavy Plow
21:52 Loom
23:46 Scale Barding Armor
25:55 Gold Mining
29:36 Imperial Age
27:56 Bloodlines
27:46 Husbandry
28:08 Chain Barding Armor
27:59 Forging
28:48 Wheelbarrow
30:24 Iron Casting
30:54 Plate Barding Armor
29:45 Elite Steppe Lancer
33:29 Blast Furnace
休眠玩家 精锐条顿骑士 一步杀十人
4:13 Loom
5:05 Loom
11:22 Feudal Age
12:03 Town Watch
15:17 Castle Age
13:35 Double-Bit Axe
14:12 Horse Collar
18:16 Wheelbarrow
19:54 Gold Mining
20:41 Squires
21:09 Scale Mail Armor
23:44 Chain Mail Armor
24:33 Forging
24:13 Gambesons
25:32 Hand Cart
31:25 Imperial Age
29:44 Fletching
30:14 Stone Mining
31:01 Gold Shaft Mining
31:04 Bow Saw
30:58 Heavy Plow
32:19 Bodkin Arrow
34:30 Conscription
35:26 Elite Fire Lancer
36:44 Plate Mail Armor
icu monster
0:28 Loom
11:46 Feudal Age
13:03 Horse Collar
15:54 Castle Age
14:20 Double-Bit Axe
15:19 Gold Mining
17:14 Wheelbarrow
17:31 Bow Saw
18:18 Heavy Plow
22:57 Hand Cart
29:37 Imperial Age
28:09 Fletching
28:19 Padded Archer Armor
28:21 Stone Mining
29:46 Stone Shaft Mining
29:46 Gold Shaft Mining
29:46 Stone Shaft Mining
29:46 Gold Shaft Mining
29:46 Stone Shaft Mining
29:46 Gold Shaft Mining
30:13 Bodkin Arrow
30:20 Capped Ram
32:08 Two-Man Saw
31:21 Thumb Ring
31:51 Bracer
32:13 Ballistics
32:34 Town Watch
33:08 Siege Ram
35:20 Leather Archer Armor
35:37 Elite Chu Ko Nu
37:21 Ring Archer Armor
打咩哟~
11:05 Feudal Age
14:55 Castle Age
13:29 Double-Bit Axe
13:34 Horse Collar
14:48 Loom
22:08 Bow Saw
22:36 Fletching
22:59 Gold Mining
25:30 Wheelbarrow
26:14 Heavy Plow
28:07 Thumb Ring
31:36 Imperial Age
29:23 Padded Archer Armor
30:22 Leather Archer Armor
30:09 Bodkin Arrow
29:53 Elite Skirmisher
32:07 Hand Cart
32:18 Ballistics
33:36 Ring Archer Armor
33:12 Bracer
33:23 Town Watch
34:02 Imperial Skirmisher
36:07 Elite Rattan Archer
Connection lost

Rejoining the realm…

Still unreachable

The connection could not be restored.

Session expired

The server has moved on; the page needs a fresh start.